 Dungeon Crawl Stone Soup version 0.28-a0-479-g5baa6b73be (webtiles) character file.

Game seed: 474822798982047415

266 Dabor the Skirmisher (level 6, -1/49 HPs)
             Began as a Vine Stalker Berserker on Sept 19, 2021.
             Was a Believer of Trog.
             Slain by a killer bee (5 damage)
             ... on level 4 of the Dungeon.
             The game lasted 00:02:55 (3485 turns).

Dabor the Skirmisher (Vine Stalker Berserker)       Turns: 3485, Time: 00:02:55

Health: -1/49      AC: 12    Str: 20    XL:     6   Next: 20%
Magic:  0/7        EV:  7    Int:  7    God:    Trog [**....]
Gold:   62         SH:  0    Dex: 15    Spells: 5/5 levels left

rFire   . . .      SeeInvis .   a - +0 hand axe
rCold   + . .      Faith    .   (no shield)
rNeg    . . .      Spirit   +   f - +0 plate armour
rPois   +          Reflect  .   q - +0 helmet
rElec   .          Harm     .   (no cloak)
rCorr   .          Rampage  .   (no gloves)
Will    ++...                   (no boots)
Stlth   ..........              (no amulet)
HPRegen 2.16/turn               s - ring of protection from cold
MPRegen 0.10/turn               i - ring of poison resistance

@: berserking (expiring), lethally poisoned (-1 -> -1), strong-willed,
regenerating, very quick
A: fangs 2, regeneration 1, magic shield, antimagic bite, no potion heal 2
a: Renounce Religion, Berserk, Trog's Hand


You were on level 4 of the Dungeon.
You worshipped Trog.
Trog was pleased with you.
You visited 1 branch of the dungeon, and saw 4 of its levels.

You collected 134 gold pieces.
You spent 72 gold pieces at shops.

Inventory:

Hand Weapons
 a - a +0 hand axe (weapon)
Missiles
 g - 7 boomerangs (quivered)
 l - 16 poisoned darts
Armour
 b - a +0 animal skin
 f - a +0 plate armour (worn)
 q - a +0 helmet (worn)
Jewellery
 i - a ring of poison resistance (right hand)
 s - a ring of protection from cold (left hand)
Wands
 p - a wand of polymorph (7)
Scrolls
 c - a scroll of teleportation
 h - a scroll of magic mapping {unknown}
 k - 2 scrolls of noise {unknown}
 m - a scroll of immolation {unknown}
 n - a scroll of identify {unknown}
 o - 2 scrolls of amnesia {unknown}
 r - 2 scrolls of silence {unknown}
Potions
 d - a potion of attraction {unknown}
 e - a potion of curing {unknown}
 j - a potion of haste {unknown}


   Skills:
 + Level 3.8 Fighting
 + Level 3.8 Axes
 + Level 2.9 Armour
 + Level 2.9 Dodging


You had 5 spell levels left.
You didn't know any spells.
Your spell library was empty.

Dungeon Overview and Level Annotations

Branches:
Dungeon (4/15)
 Temple: D:4-7

Altars:
Dithmenos
Makhleb
Qazlal
The Shining One

Shops:
D:2 *


Innate Abilities, Weirdness & Mutations

You have extremely sharp teeth.
Your natural rate of healing is unusually fast.
When hurt, damage is shared between your health and your magic reserves.
Your bite disrupts and absorbs the magic of your enemies.
Potions cannot restore your health.


Message History

You hear an angry growl.
You hear an angry buzzing noise.
The killer bee stings you. x3
* * * LOW HITPOINT WARNING * * *
The killer bee stings you but does no damage.
The killer bee stings you.
* * * LOW HITPOINT WARNING * * *
You hear a shout!
Your plate armour prevents you from hitting the killer bee.
Your bite misses the killer bee.
The killer bee is heavily wounded.
The killer bee stings you but does no damage. x2
You barely miss the killer bee.
The killer bee is heavily wounded.
A killer bee comes into view.
You barely miss the killer bee. You miss the killer bee.
The killer bee buzzes angrily.
You hear an angry growl.
The killer bee stings you. x2
* * * LOW HITPOINT WARNING * * *
The killer bee stings you.
* * * LOW HITPOINT WARNING * * *
You closely miss the killer bee. You miss the killer bee.
A killer bee comes into view.
The killer bee stings you but does no damage.
The killer bee stings you.
* * * LOW HITPOINT WARNING * * *
You slash the killer bee! Your bite misses the killer bee.
The killer bee is moderately wounded.
You miss the killer bee. The killer bee stings you.
* * * LOW HITPOINT WARNING * * *
You are poisoned.
The killer bee poisons you! The killer bee stings you.
* * * LOW HITPOINT WARNING * * *
The killer bee barely misses you. The killer bee closely misses you.
You slash the killer bee!
You kill the killer bee!
Trog accepts your kill.
You slash the killer bee!
You feel sick. The killer bee closely misses you.
A black bear comes into view.
The killer bee stings you.
You die...

######... ##........
........ #......
##....## ##......####
#.>†.....^.## ..
######......# #..##..
#...@y..###.# .......
#..###y..# #># .......
........y....#)##.......
........y....#..........
!#.......).............
#...........##<##....
######...#####.......#
≈h.≈. ........# ≈≈....
....#....#


You could see a black bear (wandering) and 4 killer bees.

Vanquished Creatures
  A bullfrog (D:4)
  A killer bee (D:4)
  An orc priest (D:4)
  2 orc wizards (D:4)
  5 adders
  An ufetubus (D:4)
  A worm (D:2)
  3 orcs
  4 ball pythons
  A bat (D:1)
  9 endoplasms
  6 giant cockroaches
  2 goblins
  5 hobgoblins
  8 jackals
  3 frilled lizards
  6 kobolds
  2 rats (D:3)
61 creatures vanquished.

Vanquished Creatures (others)
  4 plants (D:1)
4 creatures vanquished.

Grand Total: 65 creatures vanquished

Notes
Turn   | Place    | Note
-------+----------+-------------------------------------------
     0 | D:1      | Dabor the Vine Stalker Berserker began the quest for the
                  | Orb.
     0 | D:1      | Reached XP level 1. HP: 11/11 MP: 2/2
   110 | D:1      | Reached XP level 2. HP: 16/16 MP: 1/3
  1103 | D:2      | Reached XP level 3. HP: 20/20 MP: 2/4
  1103 | D:2      | Found Hytias's Assorted Antiques.
  2132 | D:2      | Reached ** piety under Trog
  2282 | D:2      | Gained mutation: Your natural rate of healing is unusually
                  | fast. [Vine Stalker growth]
  2282 | D:2      | Reached XP level 4. HP: 20/24 MP: 5/5
  2386 | D:2      | Bought a scroll labelled TIRERAPU VYPE for 24 gold pieces
  2386 | D:2      | Bought a scroll labelled MUMNI LAURCHU for 24 gold pieces
  2386 | D:2      | Bought a scroll labelled TIUCVO MIUFEYN for 24 gold pieces
  2466 | D:3      | Found a faded altar of an unknown god.
  2776 | D:3      | Found a stormy altar of Qazlal.
  2868 | D:3      | Found a burning altar of Makhleb.
  3130 | D:3      | Found a shadowy altar of Dithmenos.
  3228 | D:3      | Found a glowing golden altar of the Shining One.
  3395 | D:4      | Reached XP level 5. HP: 28/28 MP: 6/6
  3435 | D:4      | Reached XP level 6. HP: 14/33 MP: 2/7
  3485 | D:4      | Noticed a black bear
  3485 | D:4      | Slain by a killer bee

Illustrated notes

Levels and vault maps discovered:
D:1:      eino_arrival_tree_alley, layout_basic
D:2:      layout_loops_ring, serial_shops, nicolae_diamond_shop
D:3:      layout_loops_corners, nicolae_tso_swordbearing_angel,
          grunt_dithmenos_smoke_and_mirrors, lightli_temple_of_fire,
          grunt_qazlal_clouds, hellmonk_ecumenical_altar_lost_god,
          minmay_misc_feat_encased
D:4:      layout_rooms, serial_rivers, chequers_serial_rivers_large_b,
          chequers_serial_rivers_room_a, chequers_serial_rivers_marsh,
          chequers_serial_rivers_marsh, kennysheep_generic_room_2

Skill      XL: |  1  2  3 |
---------------+----------+-----
Fighting       | 3 |  3.8
Axes           | 3 |  3.8
Dodging        | 2 |  2.9
Armour         | 2 |  2.9

Action                   |  1- 3 |  4- 6 || total
-------------------------+-------+-------++-------
Melee: Hand axe          |   102 |    86 ||   188
       Bite              |    26 |    19 ||    45
Throw: Boomerang         |     3 |     2 ||     5
Invok: Berserk           |     2 |     2 ||     4
       Trog's Hand       |       |     1 ||     1
  Use: Scroll            |     1 |       ||     1
Armor: Animal skin       |     5 |       ||     5
       Plate armour      |    30 |    86 ||   116
Dodge: Dodged            |    52 |    48 ||   100

Table legend: (Time is in decaauts)
 A = Elapsed time spent in this place.
 B = Non-inter-level travel time spent in this place.
 C = Inter-level travel time spent in this place.
 D = Time resting spent in this place.
 E = Time spent auto-exploring this place.
 F = Levels seen in this place.
 G = Mean time per level.
                   A        B        C        D        E       F      G
               +--------+--------+--------+--------+--------+-----+--------+
         Total |   3531 |   3392 |    139 |    123 |   2829 |   4 |  882.8 |
       Dungeon |   3531 |   3392 |    139 |    123 |   2829 |   4 |  882.8 |
               +--------+--------+--------+--------+--------+-----+--------+

Top non-repeatable levels by time:
     D:2: 1315 daAuts
     D:1: 1108 daAuts
     D:3: 1004 daAuts
     D:4: 103 daAuts
